 Dungeon Crawl Stone Soup version 0.29-a0-517-gbdf32494f2 (webtiles) character file.

Game seed: 6525498787068160465

2389 purpskrrrp the Spear-Bearer (level 9, -1/71 HPs)
             Began as a Formicid Fighter on May 30, 2022.
             Was a Believer of Makhleb.
             Slain by a wolf (5 damage)
             ... on level 8 of the Dungeon.
             The game lasted 00:37:37 (7649 turns).

purpskrrrp the Spear-Bearer (Formicid Fighter)      Turns: 7649, Time: 00:37:38

Health: -1/71      AC: 21    Str: 33    XL:     9   Next: 74%
Magic:  9/9        EV: 11    Int: 14    God:    Makhleb [**....]
Gold:   383        SH:  5    Dex: 10    Spells: 8/8 levels left

rFire   x . .      SeeInvis +   q - +3 halberd (vorpal)
rCold   + . .      Faith    .   c - +0 buckler
rNeg    . . .      Spirit   .   r - +6 scale mail
rPois   .          Reflect  .   (helmet unavailable)
rElec   .          Harm     .   u - +2 cloak of the Hall of Blades {rF- rC+ Str+8}
rCorr   .          Rampage  .   f - +3 pair of gauntlets of War {Slay+5}
Will    +....                   (no boots)
Stlth   ..........              (no amulet)
HPRegen 0.21/turn               g - ring of willpower
MPRegen 0.11/turn               n - +6 ring of intelligence

@: studying Polearms, invisible
A: permanent stasis, dig shafts and tunnels, antennae 3, four strong arms
a: Dig, Shaft Self, Renounce Religion, Minor Destruction


You were on level 8 of the Dungeon.
You worshipped Makhleb.
Makhleb was pleased with you.
You visited 1 branch of the dungeon, and saw 8 of its levels.

You collected 1238 gold pieces.
You spent 855 gold pieces at shops.

Inventory:

Hand Weapons
 a - a +0 quarterstaff
 p - a +0 spear
 q - a +3 vorpal halberd (weapon)
 B - a +1 trident of protection
Missiles
 h - 4 javelins (quivered)
Armour
 c - a +0 buckler (worn)
 f - the +3 pair of gauntlets of War (worn) {Slay+5}
   (You bought it in a shop on level 1 of the Dungeon)

   Slay:      It affects your accuracy & damage with ranged weapons and melee
   (+5).
 r - a +6 scale mail (worn)
 u - the +2 cloak of the Hall of Blades (worn) {rF- rC+ Str+8}
   (You found it on level 7 of the Dungeon)

   Str:       It affects your strength (+8).
   rF:        It makes you vulnerable to fire.
   rC:        It protects you from cold.
 y - an orb of guile
Magical Staves
 t - a staff of death
Jewellery
 g - a ring of willpower (left hand)
 n - a +6 ring of intelligence (right hand)
 D - a ring of wizardry
 K - a +6 ring of intelligence
Wands
 j - a wand of mindburst (11)
 z - a wand of paralysis (7)
 C - a wand of iceblast (13)
Scrolls
 l - a scroll of immolation
 s - a scroll of magic mapping
 v - a scroll of amnesia
Potions
 b - a potion of flight
 d - 3 potions of might
 e - a potion of attraction
 i - a potion of haste
 m - a potion of cancellation
 o - 2 potions of heal wounds {unknown}
 x - 3 potions of ambrosia {unknown}
 I - a potion of lignification {unknown}
 L - a potion of mutation {unknown}
Miscellaneous
 w - a piece from Xom's chessboard (15/15)


   Skills:
 + Level 6.4 Fighting
 + Level 11.4(11.6) Polearms
 + Level 3.5(8.1) Staves
 + Level 0.3 Throwing
 + Level 5.8 Armour
 + Level 2.8 Dodging
 + Level 1.5 Stealth
 + Level 6.3 Shields


You had 8 spell levels left.
You didn't know any spells.
Your spell library contained the following spells:

 Spells                   Type           Power      Damage    Failure   Level
 Sting                    Tmut/Pois      0%         1d3       54%         1
 Summon Small Mammal      Summ           0%         N/A       54%         1
 Poisonous Vapours        Pois/Air       0%         N/A       67%         2
 Call Canine Familiar     Summ           0%         N/A       88%         3
 Summon Guardian Golem    Hex/Summ       0%         N/A       88%         3
 Olgreb's Toxic Radiance  Pois           0%         N/A       99%         4


Dungeon Overview and Level Annotations

Branches:
Dungeon (8/15)             Temple (0/1) D:5
   Lair: D:8-11

Altars:
Cheibriados
Elyvilon
Fedhas
Hepliaklqana
Makhleb
Qazlal
Xom
Yredelemnul
The Shining One

Shops:
D:1 [


Innate Abilities, Weirdness & Mutations

You cannot be hasted, slowed, berserked, paralysed or teleported.
You can dig through walls and to a lower floor.
You have a pair of large antennae on your head. (SInv)
Your four strong arms can wield two-handed weapons with a shield.


Message History

The centaur shoots an arrow.
The arrow hits you but does no damage. The wolf attacks as you move away!
The wolf closely misses you.
A wolf and an electric eel come into view.
The wolf closely misses you.
The orc priest invokes the aid of Beogh against you.
Beogh smites you!
* * * LOW HITPOINT WARNING * * *
The electric eel shoots out a bolt of lightning at you!
The bolt of electricity hits the orc!
The orc dies!
The bolt of electricity hits you.
* * * LOW HITPOINT WARNING * * *
An orc comes into view. It is wielding a +0 club.
An ice beast comes into view.
The wolf bites you but does no damage.
An orc comes into view. It is wielding a +0 mace.
The wolf bites you but does no damage.
The orc shouts!
You feel better.
The centaur shoots an arrow.
The arrow hits you but does no damage. The wolf barely misses you. x2
The centaur shoots an arrow.
The arrow hits you.
* * * LOW HITPOINT WARNING * * *
The orc barely misses you. The wolf barely misses you.
You feel better.
The wolf bites you but does no damage. x2
The centaur shoots an arrow.
The arrow hits you.
* * * LOW HITPOINT WARNING * * *
The electric eel shoots out a bolt of lightning at you!
The bolt of electricity hits you.
* * * LOW HITPOINT WARNING * * *
The electric eel shoots out a bolt of lightning at you!
The bolt of electricity hits the orc!
The orc dies!
The bolt of electricity hits the orc!
The orc dies!
The bolt of electricity hits you but does no damage.
The wolf bites you.
* * * LOW HITPOINT WARNING * * *
You fade into invisibility!
The wolf bites you.
You die...

≈.Z≈≈≈≈ . {
≈≈≈SS≈≈ .[
........ .## .
#{....# ..# .#
#..)o##.##...
#h......... ##
##..<..# .. ...
#..)...##>.. ....
##oh@.......
.....##)oh.......#
........oc.....###
.......oY.#......#
..........#...<.<.
.##.....#.........
##..............
.o..............
..#####.....#....


You could see an orc warrior (can't see you), an ice beast (can't see you), 3
wolves, a centaur (can't see you), 2 electric eels, 2 orc priests, an orc wizard
(wandering, can't see you) and 2 orcs.

Vanquished Creatures
  Maggie (D:8)
  3 steam dragons
  2 sky beasts (D:7)
  2 ice beasts
  A black bear (D:5)
  2 centaurs
  A phantom (D:6)
  Blork the orc (D:4)
  A necrophage (D:6)
  2 scorpions
  3 howler monkeys (D:7)
  3 orc priests
  4 hounds
  An iguana (D:6)
  Jessica (D:2)
  Ijyb (D:5)
  Terence (D:2)
  5 orc wizards
  A centaur simulacrum (D:8)
  A mummy (D:6)
  4 gnolls (D:2)
  4 adders
  A white imp (D:8)
  3 ufetubi
  2 worms (D:2)
  3 dart slugs
  25 orcs
  6 endoplasms
  5 giant cockroaches
  9 goblins
  6 hobgoblins
  3 jackals (D:4)
  10 kobolds
  3 quokkas
  6 ball pythons
  2 bats
  5 frilled lizards
  7 rats
  2 butterflies (D:4)
143 creatures vanquished.

Vanquished Creatures (others)
  An orc wizard (D:8)
  3 orcs (D:8)
4 creatures vanquished.

Grand Total: 147 creatures vanquished

Notes
Turn   | Place    | Note
-------+----------+-------------------------------------------
     0 | D:1      | purpskrrrp the Formicid Fighter began the quest for the
                  | Orb.
     0 | D:1      | Reached XP level 1. HP: 18/18 MP: 1/1
    85 | D:1      | Noticed a shining eye
    99 | D:1      | Noticed a shining eye
   115 | D:1      | Found a faded altar of an unknown god.
   232 | D:1      | Noticed a great orb of eyes
   232 | D:1      | Noticed an eye of devastation
   398 | D:1      | Reached XP level 2. HP: 20/24 MP: 2/2
   543 | D:1      | Found Okawualoe's Antique Armour Boutique.
  1254 | D:1      | Reached XP level 3. HP: 17/17 MP: 3/3
  1984 | D:1      | Identified a scroll of acquirement
  1984 | D:1      | Acquired 885 gold pieces
  2036 | D:1      | Bought the +3 pair of gauntlets of War {Slay+5} for 855
                  | gold pieces
  2036 | D:1      | Found the +3 pair of gauntlets of War {Slay+5}
  2121 | D:2      | Noticed Terence
  2538 | D:2      | Noticed Jessica
  2921 | D:2      | Killed Jessica
  2922 | D:2      | Reached XP level 4. HP: 29/33 MP: 4/4
  2971 | D:2      | Killed Terence
  2972 | D:2      | Reached XP level 5. HP: 31/41 MP: 5/5
  3676 | D:3      | Found a burning altar of Makhleb.
  3682 | D:3      | Became a worshipper of Makhleb the Destroyer
  4050 | D:4      | Found a shimmering altar of Xom.
  4178 | D:4      | Reached XP level 6. HP: 43/43 MP: 6/6
  4228 | D:4      | Noticed a steam dragon
  4229 | D:4      | Noticed an ice beast
  4237 | D:4      | Killed a steam dragon
  4238 | D:4      | Reached skill level 2 in Polearms
  4238 | D:4      | Reached skill level 1 in Dodging
  4248 | D:4      | Killed an ice beast
  4249 | D:4      | Reached skill level 3 in Polearms
  4249 | D:4      | Reached skill level 5 in Shields
  4249 | D:4      | Reached XP level 7. HP: 37/55 MP: 7/7
  4258 | D:4      | Reached * piety under Makhleb
  4537 | D:4      | Noticed Blork the orc
  4537 | D:4      | Found a stormy altar of Qazlal.
  4540 | D:4      | Killed Blork the orc
  4541 | D:4      | Reached skill level 4 in Polearms
  4638 | D:5      | Entered Level 5 of the Dungeon
  4661 | D:5      | Noticed Ijyb
  4667 | D:5      | Killed Ijyb
  4741 | D:5      | Found a staircase to the Ecumenical Temple.
  4744 | D:5      | Reached skill level 5 in Fighting
  4787 | D:5      | Found a blossoming altar of Fedhas.
  4870 | D:5      | Reached skill level 5 in Armour
  4874 | D:5      | Reached XP level 8. HP: 58/62 MP: 8/8
  4993 | D:5      | Reached skill level 5 in Polearms
  5157 | D:5      | Reached skill level 6 in Polearms
  5241 | D:6      | Reached skill level 7 in Polearms
  5467 | D:6      | Found a snail-covered altar of Cheibriados.
  5592 | D:6      | Reached skill level 8 in Polearms
  5691 | D:6      | Found a glowing golden altar of the Shining One.
  5693 | D:6      | Noticed an angel
  5709 | D:6      | Found a basalt altar of Yredelemnul.
  5713 | D:6      | Reached skill level 9 in Polearms
  5713 | D:6      | Reached XP level 9. HP: 68/68 MP: 9/9
  5713 | D:6      | Noticed a profane servitor
  6367 | D:7      | Reached skill level 10 in Polearms
  6432 | D:7      | Found a white marble altar of Elyvilon.
  7085 | D:7      | Found a hazy altar of Hepliaklqana.
  7154 | D:7      | Reached skill level 1 in Stealth
  7316 | D:7      | Identified the +2 cloak of the Hall of Blades {rF- rC+
                  | Str+8}
  7545 | D:7      | Reached skill level 11 in Polearms
  7620 | D:8      | Noticed Maggie
  7634 | D:8      | Reached ** piety under Makhleb
  7643 | D:8      | Killed Maggie
  7646 | D:8      | HP: 2/71 [electric eel/bolt of electricity (3)]
  7649 | D:8      | Slain by a wolf

Illustrated notes

Levels and vault maps discovered:
D:1:      scummos_arrival_simple_fountains, layout_basic, serial_shops,
          nicolae_shop_waterfront, hellmonk_ecumenical_altar_watching_god
D:2:      layout_loops_ring, nrook_mini_vaults, uniq_jessica, uniq_terence
D:3:      layout_rooms, lightli_temple_of_fire, minmay_crystal_water,
          minmay_misc_feat_enclosed
D:4:      layout_rooms, xom_butterflies, mainiacjoe_overflow_catwalk,
          minmay_manual_maat, uniq_blork_the_orc
D:5:      layout_loops_ring, mainiacjoe_overflow_alcove_4,
          minmay_temple_entry_drinking_statues, uniq_ijyb
D:6:      layout_rooms, grunt_temple_overflow_holy_war, chei_slow_surprise,
          kennysheep_generic_room_4
D:7:      layout_basic, nicolae_elyvilon_peaceful_grove,
          mainiacjoe_overflow_24_doors, serial_corexii_hall,
          chequers_hall_statues_corner_a, chequers_hall_statues_y
D:8:      layout_cave_pools, amcnicky_altar_gilded, serial_ice, serial_ice_n,
          serial_ice_e, serial_ice_o, serial_ice_i, serial_ice_h, st_stairs_5,
          uniq_maggie

Skill      XL: |  1  2  3  4  5  6  7  8  9 |
---------------+----------------------------+-----
Armour         | 4 5 |  5.8
Staves         | 3 |  3.5
Fighting       | 4 5 6 |  6.4
Polearms       | 3 4 9 11 | 11.4
Dodging        | 1 2 |  2.8
Shields        | 5 6 |  6.3
Stealth        | 1 |  1.5
Throwing       | |  0.3

Action                   |  1- 3 |  4- 6 |  7- 9 || total
-------------------------+-------+-------+-------++-------
Melee: Quarterstaff      |   114 |     7 |       ||   121
       Halberd           |       |    89 |   188 ||   277
Throw: Javelin           |       |     4 |     4 ||     8
 Abil: Dig               |     4 |       |     1 ||     5
  Use: Scroll            |     3 |       |    16 ||    19
       Potion            |       |       |     4 ||     4
Armor: Scale mail        |    74 |    70 |    93 ||   237
Dodge: Dodged            |    71 |    57 |    97 ||   225
Block: Buckler           |    37 |    31 |    50 ||   118

Table legend: (Time is in decaauts)
 A = Elapsed time spent in this place.
 B = Non-inter-level travel time spent in this place.
 C = Inter-level travel time spent in this place.
 D = Time resting spent in this place.
 E = Time spent auto-exploring this place.
 F = Levels seen in this place.
 G = Mean time per level.
                   A        B        C        D        E       F      G
               +--------+--------+--------+--------+--------+-----+--------+
         Total |   7752 |   7100 |    652 |   1730 |   3322 |   8 |  969.0 |
       Dungeon |   7752 |   7100 |    652 |   1730 |   3322 |   8 |  969.0 |
               +--------+--------+--------+--------+--------+-----+--------+

Top non-repeatable levels by time:
     D:1: 2660 daAuts
     D:7: 1394 daAuts
     D:6: 963 daAuts
     D:2: 919 daAuts
     D:5: 646 daAuts
     D:4: 614 daAuts
     D:3: 525 daAuts
     D:8: 29 daAuts
